 Dungeon Crawl Stone Soup version 0.22-a0-479-gc6e99f3 (webtiles) character file.

22 iamserjio the Sneak (level 2, 0/26 HPs)
             Began as a Gnoll Assassin on June 14, 2018.
             Slain by a jackal (1 damage)
             ... on level 1 of the Dungeon.
             The game lasted 00:02:01 (257 turns).

iamserjio the Sneak (Gnoll Assassin)                 Turns: 257, Time: 00:02:02

Health: 0/26       AC:  3    Str: 13    XL:     2   Next: 91%
Magic:  2/2        EV: 13    Int: 13    God:
Gold:   35         SH:  0    Dex: 16    Spells: 2/2 levels left

rFire    . . .     SeeInvis .   a - +2 dagger
rCold    . . .     Gourm    .   (no shield)
rNeg     . . .     Faith    .   c - +0 robe
rPois    .         Spirit   .   (no helmet)
rElec    .         Reflect  .   d - +0 cloak
rCorr    .         Harm     .   (no gloves)
MR       .....                  (no boots)
Stlth    ++++......             (no amulet)
HPRegen  0.08/turn              (no ring)
MPRegen  0.08/turn              (no ring)

@: no status effects
A: distributed training, fangs 1, strong nose
a: no special abilities


You were on level 1 of the Dungeon.
You were not hungry.

You visited 1 branch of the dungeon, and saw 1 of its levels.

You collected 35 gold pieces.

Inventory:

Hand Weapons
 a - a +2 dagger (weapon)
 b - a +0 blowgun
Missiles
 e - 8 poisoned needles
 f - 2 curare-tipped needles {!f}
 h - 16 stones (quivered)
Armour
 c - a +0 robe (worn)
 d - a +0 cloak (worn)
 l - a +2 robe of cold resistance
Scrolls
 j - a scroll of remove curse {unknown}
 k - a scroll of identify {unknown}
 m - a scroll of immolation {unknown}
Potions
 i - a potion of ambrosia {unknown}
 n - a potion of curing {unknown}
 o - a potion of might {unknown}
Comestibles
 g - 2 rations


   Skills:
 + Level 4.5 Fighting
 + Level 4.5 Short Blades
 + Level 0.5 Long Blades
 + Level 0.5 Axes
 + Level 0.5 Maces & Flails
 + Level 0.5 Polearms
 + Level 0.5 Staves
 + Level 0.5 Slings
 + Level 0.5 Bows
 + Level 0.5 Crossbows
 + Level 4.5 Throwing
 + Level 0.5 Armour
 + Level 2.5 Dodging
 + Level 7.7 Stealth
 + Level 0.5 Shields
 + Level 0.5 Unarmed Combat
 + Level 0.5 Spellcasting
 + Level 0.4 Conjurations
 + Level 0.4 Hexes
 + Level 0.4 Charms
 + Level 0.4 Summonings
 + Level 0.4 Necromancy
 + Level 0.4 Translocations
 + Level 0.4 Transmutations
 + Level 0.4 Fire Magic
 + Level 0.4 Ice Magic
 + Level 0.4 Air Magic
 + Level 0.4 Earth Magic
 + Level 0.4 Poison Magic
 + Level 0.7 Invocations
 + Level 0.5 Evocations


You had 2 spell levels left.
You didn't know any spells.
Your spell library was empty.

Dungeon Overview and Level Annotations

Branches:
Dungeon (1/15)

Altars:


Innate Abilities, Weirdness & Mutations

Your experience applies equally to all skills.
You have very sharp teeth.
Your uncanny sense of smell can sniff out nearby items.


Message History

The kobold barely misses you.
You barely miss the kobold.
The kobold is severely wounded.
The kobold barely misses you.
You barely miss the kobold. Your bite misses the kobold.
The kobold is heavily wounded.
You hit the kobold.
You kill the kobold!
You barely miss the jackal. Your bite misses the jackal.
The jackal bites you but does no damage.
You hit the jackal.
The jackal is moderately wounded.
You hit the jackal.
The jackal is moderately wounded.
You hit the jackal but do no damage. You bite the jackal, but do no damage.
The jackal is moderately wounded.
The jackal bites you.
* * * LOW HITPOINT WARNING * * *
The jackal bites you.
You die...

.................#.########......
#########.................#......
#[......##.#......#######
#.......#..#......#
#......##.#.......#
##.......#.........#
#...........#...[..#
...........#......#
..#.....#@#.######## (....##h#.[.
###..#.h####.# #...(.....# ..
#.........# . #...h(....#
#.........# #.........#
#..(......#


You could see 3 jackals.

Vanquished Creatures
  A dart slug (D:1)
  A leopard gecko (D:1)
  4 giant cockroaches (D:1)
  2 goblins (D:1)
  A hobgoblin (D:1)
  A jackal (D:1)
  A kobold (D:1)
  4 bats (D:1)
  A frilled lizard (D:1)
  A rat (D:1)
17 creatures vanquished.

Notes
Turn   | Place    | Note
-------+----------+-------------------------------------------
     0 | D:1      | iamserjio the Gnoll Assassin began the quest for the Orb.
     0 | D:1      | Reached XP level 1. HP: 20/20 MP: 1/1
   111 | D:1      | Reached XP level 2. HP: 20/26 MP: 2/2
   257 | D:1      | HP: 1/26 [jackal (3)]
   257 | D:1      | Slain by a jackal

Vault maps used:
D:1:      dpeg_arrival_lava_temple_mockup

Action                   || total
-------------------------++-------
Melee: Dagger            ||    56
       Bite              ||     4
 Fire: Blowgun           ||     4
Throw: Stone             ||     3
 Stab: Sleeping          ||     3
Armor: Robe              ||    16
Dodge: Dodged            ||    22

Table legend:
 A = Spawn XP
 B = Non-spawn XP
 C = Spawn XP percentage of total XP
 D = Spawn monster count
 E = Non-spawn monster count
 F = Spawn count percentage of total count
 G = Total turns spent on level
                    A         B        C        D         E        F      G
               +---------+---------+-------+---------+---------+-------+---------
         Total |       0 |      32 |   0.0 |       0 |      17 |   0.0 |   257
               +---------+---------+-------+---------+---------+-------+---------
           D:1 |       0 |      32 |   0.0 |       0 |      17 |   0.0 |   257
               +---------+---------+-------+---------+---------+-------+---------
